Map: 匹昂台地

Players

shengy

  • Race: Zerg Zerg
  • League: Platinum

Dudeman - Winner!

  • Race: Zerg Zerg

VOD

Have the link to the VOD?

Description

Time

  • Played on: Dec. 28, 2015, 11:44 p.m.
  • Length: 7:07
Show
View Real Time Build Order
Export as new Build Order

shengy Zerg 

Build Orders: Pool First 

Get SALT Encoding   

  12  0:01  Drone  
  13  0:08  Drone  
  14  0:17  Overlord  
  14  0:35  Drone x3  
  17  0:46  Spawning Pool  
  17  0:48  Drone  
  17  0:57  Drone  
  18  1:15  Hatchery  
  17  1:23  Overlord  
  17  1:25  Drone  
  18  1:28  Extractor  
  17  1:36  Queen  
  19  1:56  Zergling x6  
  22  2:07  Drone  
  23  2:16  Queen  
  23  2:19  Drone  
  26  2:27  Drone  
  26  2:29  Queen  
  27  2:33  Metabolic Boost  
  27  2:35  Drone  
  30  2:38  Drone  
  30  2:42  Drone  
  32  2:46  Drone  
  32  2:47  Drone  
  34  2:52  Overlord  
  34  3:01  Baneling Nest, Drone  
  34  3:06  Drone  
  35  3:24  Evolution Chamber  
  35  3:26  Zergling x14  
  41  3:27  Zergling x2  
  41  3:33  Drone x2  
  44  3:40  Overlord  
  44  3:58  Baneling x2  
  44  4:07  Zerg Melee Weapons Level 1  
  44  4:12  Drone  
  44  4:13  Extractor, Drone x7  
  51  4:29  Zergling x2  
  51  4:30  Overlord  
  52  4:35  Extractor  
  52  4:38  Lair  
  51  4:39  Extractor  
  50  5:04  Baneling x3  
  50  5:11  Drone x6  
  56  5:19  Baneling x2  
  56  5:21  Baneling x2  
  56  5:28  Drone x2  
  58  5:30  Drone x2  
  60  5:38  Overlord x3  
  51  5:58  Zergling x2  
  51  5:59  Zergling x20  
  61  6:05  Spine Crawler  
  61  6:06  Spine Crawler  
  61  6:07  Spine Crawler x2  
  61  6:10  Zergling x2  
  61  6:11  Zergling x2  
  56  6:24  Baneling x2  
  45  6:49  Zergling x2  
  45  6:50  Zergling x10  
Show
View Real Time Build Order
Export as new Build Order

Dudeman Zerg - Winner!

Build Orders: Hatch First 

Get SALT Encoding   

  12  0:00  Drone  
  13  0:08  Drone  
  14  0:17  Overlord  
  14  0:35  Drone x3  
  17  0:46  Drone  
  18  0:56  Hatchery  
  17  1:08  Spawning Pool  
  16  1:12  Extractor  
  16  1:13  Drone  
  16  1:18  Drone  
  17  1:22  Drone  
  18  1:30  Drone  
  19  1:40  Drone  
  20  1:51  Overlord  
  20  1:58  Queen  
  22  2:08  Queen  
  24  2:09  Zergling x4  
  24  2:12  Drone  
  24  2:14  Extractor  
  26  2:19  Drone  
  28  2:22  Drone  
  28  2:33  Drone  
  29  2:41  Zergling x2  
  30  2:47  Drone x2  
  32  2:54  Drone  
  32  2:55  Drone  
  34  3:01  Evolution Chamber  
  34  3:04  Drone  
  35  3:05  Zergling x2  
  35  3:06  Evolution Chamber  
  34  3:14  Zergling x4  
  34  3:15  Metabolic Boost  
  34  3:18  Lair  
  36  3:22  Overlord  
  36  3:27  Overlord  
  36  3:40  Roach Warren, Drone  
  36  3:51  Zerg Missile Weapons Level 1  
  36  3:53  Zerg Ground Armor Level 1  
  36  3:56  Drone  
  36  4:02  Drone x2  
  39  4:04  Drone  
  40  4:15  Overlord  
  40  4:16  Overlord  
  40  4:17  Drone  
  40  4:23  Drone  
  42  4:39  Hatchery  
  42  4:44  Zergling x12  
  48  4:48  Zergling x4  
  49  4:54  Glial Reconstitution  
  49  4:56  Roach  
  49  4:57  Roach  
  53  5:06  Roach  
  55  5:07  Roach  
  57  5:18  Roach  
  57  5:19  Overlord  
  59  5:25  Overlord x2  
  59  5:32  Zergling x2  
  60  5:38  Drone x5  
  65  5:50  Roach x5  
  65  6:06  Drone x3  
  65  6:08  Roach x2  
  68  6:21  Roach x5  
  68  6:25  Roach  
  80  6:26  Zergling x2  
  80  6:28  Drone  
  73  6:47  Roach, Zergling x4  
  73  6:48  Roach  
Tags
 
Add a new tag
Caveats
  • Supply blocks, unpowered buildings, or Contaminate may cause inaccurate times.
  • Supply counts are checked every 10 seconds.